Map: 2000 Atmosphären LE

Players

Cheater-1 (Extrem)

  • Race: Protoss Protoss

Luca - Winner!

  • Race: Terran Terran

VOD

Have the link to the VOD?

Description

Time

  • Played on: March 26, 2022, 2:02 a.m.
  • Length: 10:17
Show
View Real Time Build Order
Export as new Build Order

Cheater-1 (Extrem) Protoss 

Build Orders: 1 Gate Expand 

Get SALT Encoding   

  12  0:00  Probe  
  13  0:13  Probe  
  14  0:19  Pylon  
  14  0:25  Probe  
  15  0:33  Probe  
  15  0:41  Probe  
  15  0:42  Assimilator  
  16  0:45  Gateway  
  17  0:51  Probe  
  17  0:53  Pylon  
  18  0:59  Probe  
  19  1:07  Probe  
  19  1:17  Probe  
  21  1:27  Nexus  
  21  1:29  Probe  
  21  1:32  Zealot  
  24  1:41  Probe  
  24  1:43  Cybernetics Core  
  25  1:50  Gateway  
  25  1:53  Zealot  
  25  1:56  Pylon  
  25  2:00  Probe  
  28  2:08  Assimilator  
  28  2:10  Warp Gate  
  28  2:12  Probe  
  29  2:15  Adept  
  31  2:24  Probe  
  31  2:25  Pylon  
  32  2:36  Probe  
  32  2:37  Sentry  
  35  2:39  Probe, Sentry  
  36  2:48  Probe  
  40  2:51  Probe  
  40  2:53  Pylon  
  40  3:00  Probe  
  40  3:01  Robotics Facility  
  40  3:03  Adept, Probe  
  40  3:04  Adept  
  46  3:12  Forge  
  47  3:20  Probe  
  47  3:21  Probe  
  47  3:26  Stalker  
  48  3:32  Probe  
  48  3:33  Probe  
  52  3:34  Adept  
  52  3:40  Gateway  
  54  3:44  Probe  
  54  3:45  Probe  
  43  3:48  Immortal  
  43  3:50  Photon Cannon  
  43  3:53  Photon Cannon  
  47  3:56  Probe  
  47  3:57  Probe  
  47  4:01  Adept  
  51  4:06  Probe  
  51  4:09  Probe  
  53  4:12  Stalker  
  53  4:14  Probe  
  51  4:21  Probe  
  51  4:22  Probe  
  44  4:28  Observer  
  46  4:33  Probe  
  46  4:34  Probe  
  46  4:36  Gateway  
  48  4:42  Probe  
  48  4:46  Probe  
  48  4:50  Probe  
  50  4:58  Probe  
  51  5:00  Probe, Pylon  
  51  5:09  Probe  
  51  5:12  Probe  
  52  5:17  Probe  
  49  5:21  Stalker  
  49  5:24  Probe  
  49  5:25  Probe  
  48  5:36  Probe, Twilight Council  
  48  5:37  Probe  
  48  5:45  Probe  
  48  5:48  Probe  
  49  5:53  Probe  
  46  6:00  Probe  
  46  6:03  Probe  
  48  6:09  Assimilator  
  48  6:11  Assimilator  
  49  6:12  Probe  
  49  6:13  Probe  
  51  6:21  Probe  
  51  6:24  Probe  
  46  6:29  Templar Archives  
  46  6:30  Probe  
  46  6:36  Probe  
  47  6:41  Probe  
  45  6:49  Probe  
  45  6:50  Probe  
  44  6:58  Probe  
  44  7:01  Probe  
  44  7:02  Stalker  
  44  7:03  Zealot x2  
  44  7:05  High Templar  
  44  7:08  Probe  
  53  7:20  Probe  
  50  7:23  Stalker  
  50  7:29  Probe  
  39  7:56  Pylon  
  25  8:13  Probe  
  25  8:21  Probe  
  26  8:31  Probe  
  26  8:38  Probe  
  25  8:52  Probe  
  15  9:21  Probe  
Show
View Real Time Build Order
Export as new Build Order

Luca Terran - Winner!

Build Orders: 1/1/1, Liberator Opening 

Get SALT Encoding   

  12  0:00  SCV  
  13  0:12  SCV  
  14  0:17  Supply Depot  
  14  0:24  SCV  
  15  0:29  Refinery  
  15  0:38  SCV  
  16  0:45  Barracks  
  16  0:50  SCV  
  17  1:02  SCV  
  18  1:14  SCV  
  19  1:31  Marine  
  19  1:32  Orbital Command  
  20  1:33  Factory  
  20  1:50  Marine  
  20  1:51  Refinery  
  21  1:57  SCV, Supply Depot  
  22  2:08  Marine  
  23  2:17  Starport  
  23  2:19  SCV, Widow Mine  
  26  2:26  Marine  
  27  2:31  SCV  
  27  2:32  Supply Depot  
  28  2:37  Bunker  
  28  2:39  Armory  
  28  2:43  Widow Mine  
  30  2:47  SCV  
  31  2:59  Medivac  
  31  3:01  Marine  
  31  3:02  SCV  
  31  3:05  Widow Mine  
  37  3:14  SCV  
  37  3:19  Marine  
  39  3:20  Supply Depot  
  39  3:42  SCV, Liberator, Widow Mine  
  45  3:51  Marine  
  45  3:52  Supply Depot  
  45  3:54  SCV  
  47  4:09  Command Center  
  47  4:14  Marine, Widow Mine  
  46  4:35  Marine  
  46  4:36  Widow Mine  
  46  4:38  SCV  
  50  4:43  Barracks x2  
  48  4:57  SCV  
  49  5:02  Barracks Reactor  
  47  5:13  Liberator, Widow Mine  
  52  5:15  SCV  
  52  5:17  Supply Depot  
  53  5:27  Orbital Command  
  53  5:35  Widow Mine  
  53  5:36  Barracks Tech Lab  
  53  5:37  SCV, Barracks Tech Lab  
  53  5:38  Marine x2  
  56  5:44  Engineering Bay  
  56  5:57  Combat Shield, Stimpack  
  56  5:58  Marine x2, Marauder  
  56  5:59  Marauder  
  56  6:02  SCV x2  
  64  6:14  SCV  
  64  6:15  SCV, Terran Infantry Weapons Level 1  
  64  6:16  Marine x2  
  68  6:20  Marauder x2  
  70  6:28  SCV x2  
  70  6:29  Missile Turret  
  72  6:33  Supply Depot  
  72  6:35  Marine x2  
  72  6:38  Medivac  
  72  6:39  Factory Tech Lab  
  76  6:40  SCV x2  
  78  6:49  Supply Depot  
  78  6:55  SCV x2, Marine x2, Marauder x2  
  78  6:56  Supply Depot  
  86  7:04  Refinery  
  86  7:10  SCV  
  86  7:12  Siege Tank  
  86  7:13  Marine x2  
  92  7:16  Marauder  
  92  7:18  Medivac, SCV, Marauder  
  100  7:22  SCV  
  100  7:35  Marine x2  
  99  7:37  SCV  
  99  7:38  Marauder  
  102  7:55  Supply Depot  
  102  7:56  Medivac, SCV x2, Marine x2  
  102  7:57  Marauder  
  102  7:58  Command Center  
  107  7:59  Marauder  
  104  8:08  SCV  
  98  8:13  SCV, Siege Tank  
  98  8:14  Marine x2  
  98  8:18  Marauder  
  97  8:20  SCV  
  97  8:21  Marauder, Supply Depot  
  97  8:22  Refinery  
  97  8:26  SCV  
  101  8:32  Marine x2  
  101  8:33  SCV  
  104  8:39  Marauder  
  104  8:41  Medivac  
  108  8:42  Marauder  
  108  8:46  Barracks  
  108  8:47  Barracks  
  110  8:49  Marine  
  110  8:52  Marine  
  110  8:54  SCV x2  
  114  8:56  Supply Depot  
  114  8:57  Concussive Shells  
  114  9:01  Marauder  
  113  9:03  Marauder  
  113  9:07  Marine  
  100  9:16  Marine  
  89  9:17  Medivac, Siege Tank  
  89  9:22  SCV, Marauder  
  97  9:25  Marine, Marauder  
  97  9:26  SCV  
  101  9:34  Marine, Barracks Tech Lab  
  101  9:36  SCV  
  101  9:38  SCV  
  104  9:41  Barracks Reactor  
  104  9:44  Marauder  
  106  9:46  Marauder  
  106  9:47  Marine  
  106  9:52  Marine  
Tags
 
Add a new tag
Caveats
  • Supply blocks, unpowered buildings, or Contaminate may cause inaccurate times.
  • Supply counts are checked every 10 seconds.